 Dungeon Sprint DCSS version 0.23-a0-447-g7b583b2f2c (webtiles) character file.

21 Jannitor the Skirmisher (level 2, -4/37 HPs)
             Began as a Demonspawn Monk on Nov 19, 2018.
             Slain by a human (7 damage)
             ... in the Dungeon (Sprint III: "The Ten Rune Challenge").
             The game lasted 00:00:24 (63 turns).

Jannitor the Skirmisher (Demonspawn Monk)             Turns: 63, Time: 00:00:24

Health: -4/37      AC:  2    Str: 16    XL:     2   Next: 62%
Magic:  2/2        EV: 13    Int: 11    God:
Gold:   0          SH:  0    Dex: 15    Spells: 1/1 levels left

rFire    . . .     SeeInvis .   l - +2 dagger (elec)
rCold    . . .     Gourm    .   (no shield)
rNeg     . . .     Faith    .   b - +0 robe
rPois    .         Spirit   .   (no helmet)
rElec    .         Reflect  .   (no cloak)
rCorr    .         Harm     .   (no gloves)
MR       .....     NoTele   +   (no boots)
Stlth    ..........             (no amulet)
HPRegen  0.12/turn              (no ring)
MPRegen  0.08/turn              (no ring)

@: berserking (expiring), very quick
A: spiny 1
a: no special abilities


You were in the Dungeon.
You were not hungry.

You visited 1 branch

Inventory:

Hand Weapons
 a - a +0 mace
 l - a +2 dagger of electrocution (weapon)
Armour
 b - a +0 robe (worn)
Scrolls
 i - a scroll of blinking
 k - a scroll of random uselessness {unknown}
Potions
 d - a potion of curing
 f - a potion of haste
 g - 2 potions of magic
Comestibles
 c - a ration
 j - a chunk of flesh


   Skills:
 + Level 4.3 Fighting
 * Level 2.7 Short Blades
 - Level 3.7 Maces & Flails
 - Level 2.6 Dodging
 - Level 1.7 Stealth


You had one spell level left.
You didn't know any spells.
Your spell library was empty.

Dungeon Overview and Level Annotations

Branches:
Dungeon (1/1)

Altars:


Innate Abilities, Weirdness & Mutations

You are partially covered in sharp spines.


Message History

The wolf closely misses you.
You feel much better. The wolf bites you! The wolf bites you.
A red film seems to cover your vision as you go berserk!
You feel yourself moving faster!
You feel mighty! The wolf closely misses you. The wolf bites you!
* * * LOW HITPOINT WARNING * * *
Unknown command.
You puncture the wolf!
You kill the wolf!
Your Fighting skill increases to level 4!
Your Short Blades skill gained 2 levels and is now at level 2!
You have reached level 2!
Your demonic ancestry asserts itself...
Sharp spines emerge from parts of your body.
You see here a wolf corpse.
You feel a strong urge to attack something.
You puncture the human!
The human is moderately wounded.
The human is struck by your spines. The human hits you!
You die...

▓<..#...####
▓...#......## .#
▓..##.......# ..#
▓##.##.##...# ..#
##.##.###..# #..#
▓#.####.##..# ...+
▓.###÷.##..## #...#
▓#.....##..###p...#
###..##...##@....#
##..##....#......#
#..###..##†#.....#
#..# #.. ####....#
▓▓▓▓ ▓▓▓ ▓▓▓▓▓


You could see a human.

Vanquished Creatures
  A wolf (D)
  An ooze (D)
  3 rats (D)
5 creatures vanquished.

Vanquished Creatures (others)
  2 plants (D)
2 creatures vanquished.

Grand Total: 7 creatures vanquished

Notes
Turn   | Place    | Note
-------+----------+-------------------------------------------
     0 | D        | Jannitor the Demonspawn Monk began the quest for the Orb.
     0 | D        | Reached XP level 1. HP: 18/18 MP: 1/1
    48 | D        | Noticed a wolf
    59 | D        | Killed a wolf
    59 | D        | Reached skill level 4 in Fighting
    59 | D        | Gained mutation: You are partially covered in sharp spines.
                  | [demonic ancestry]
    59 | D        | Reached XP level 2. HP: 3/25 MP: 2/2
    63 | D        | Slain by a human

Vault maps used:
D:        dungeon_sprint_mu

Skill      XL: |  1 |
---------------+----+-----
Maces & Flails | 3 |  3.7
Fighting       | 4 |  4.3
Short Blades   | 2 |  2.7
Dodging        | |  2.6
Stealth        | |  1.7

Action                   || total
-------------------------++-------
Melee: Dagger            ||     4
       Mace              ||     3
  Use: Potion            ||     2
 Stab: Sleeping          ||     1
Dodge: Dodged            ||     6

Table legend:
 A = Non-vault XP
 B = Vault XP
 C = Vault XP percentage of total XP
 D = Non-vault monster count
 E = Vault monster count
 F = Vault count percentage of total count
                 A         B        C        D         E       F
            +---------+---------+-------+---------+---------+-------
      Total |       0 |      30 | 100.0 |       0 |       5 | 100.0
            +---------+---------+-------+---------+---------+-------
          D |       0 |      30 | 100.0 |       0 |       5 | 100.0
            +---------+---------+-------+---------+---------+-------
